 Dungeon Crawl Stone Soup version 0.26-a0-651-gb41185065b (webtiles) character file.

Game seed: 7440917504201315277

42086 tilp the Unseen (level 13, -3/70 HPs)
             Began as a Spriggan Enchanter on Oct 22, 2020.
             Was an Elder of Dithmenos.
             Drowned by a drowned soul (12 damage)
             ... summoned by a merfolk avatar
             ... on level 6 of the Lair of Beasts.
             The game lasted 00:44:27 (23079 turns).

tilp the Unseen (Spriggan Enchanter)               Turns: 23079, Time: 00:44:28

Health: -3/70      AC: 11    Str: 10    XL:     13   Next: 83%
Magic:  18/23      EV: 48    Int: 22    God:    Dithmenos [****..]
Gold:   1361       SH:  8    Dex: 22    Spells: 12/24 levels left

rFire    . . .     SeeInvis +   a - +5 dagger (flame)
rCold    . . .     Faith    .   M - +0 buckler
rNeg     . . .     Spirit   .   A - +3 steam dragon scales
rPois    +         Reflect  .   (helmet restricted)
rElec    .         Harm     .   w - +2 cloak {rPois}
rCorr    .         Rampage  .   (gloves unavailable)
MR       +++..                  (boots unavailable)
Stlth    +++++.....             F - amulet of the acrobat
HPRegen  0.21/turn              N - ring of Wul Qoem {Str+6 Int+2 Dex+4}
MPRegen  0.18/turn              z - ring of protection from magic

@: confusing touch, acrobat, wreathed by umbra, studying Invocations, slow
A: very small, unfitting armour, see invisible, speed 3
a: Shadow Step, Renounce Religion


You were on level 6 of the Lair of Beasts.
You worshipped Dithmenos.
Dithmenos was greatly pleased with you.
You visited 3 branches of the dungeon, and saw 18 of its levels.
You also visited: Gauntlet.

You collected 1361 gold pieces.

Inventory:

Hand Weapons
 a - a +5 dagger of flaming (weapon)
 b - a +0 dagger of venom
 K - a +3 hand axe
 P - the cursed +1 whip of the Messenger {vorpal, *Corrode +Blink +Fly rElec}
   (You found it in a Gauntlet)

   It inflicts extra damage upon your enemies.
   It insulates you from electricity.
   It lets you fly.
   It lets you blink.
   It may corrode you when you take damage.
   It has a curse placed upon it.
Missiles
 f - 9 atropa-tipped darts
 m - 51 poisoned darts (quivered)
 y - a throwing net
 E - 6 curare-tipped darts
Armour
 s - a scarf of invisibility
 w - a +2 cloak of poison resistance (worn)
 A - +3 steam dragon scales (worn)
 M - a +0 buckler (worn)
Magical Staves
 g - a cursed staff of death {unknown}
Jewellery
 o - an uncursed ring of resist corrosion
 z - a ring of protection from magic (right hand)
 F - an amulet of the acrobat (around neck)
 N - the ring of Wul Qoem (left hand) {Str+6 Int+2 Dex+4}
   (You found it in a Gauntlet)

   [ring of strength]

   It affects your strength (+6).
   It affects your intelligence (+2).
   It affects your dexterity (+4).
Wands
 d - a wand of iceblast (5)
 i - a wand of disintegration (12)
 q - a wand of flame (14)
 B - a wand of acid (28)
 H - a wand of digging (5)
 J - a wand of paralysis (14)
Scrolls
 j - 3 scrolls of fear
 l - 7 scrolls of teleportation
 u - a scroll of brand weapon
 C - 6 scrolls of remove curse
 D - 3 scrolls of amnesia
 G - 2 scrolls of summoning
 L - 3 scrolls of blinking
 S - a scroll of fog
Potions
 c - 9 potions of curing
 e - 3 potions of magic
 h - 4 potions of flight
 k - 5 potions of might
 p - 2 potions of cancellation
 r - 6 potions of brilliance
 t - a potion of resistance
 v - 4 potions of lignification
 x - 3 potions of berserk rage
 O - a potion of mutation {unknown}
 T - a potion of heal wounds
Books
 n - a manual of Invocations


   Skills:
 + Level 9.2 Fighting
 - Level 10.0 Short Blades
 - Level 15.0 Dodging
 - Level 16.0 Stealth
 - Level 4.0 Shields
 - Level 6.0 Spellcasting
 - Level 10.0 Hexes
 - Level 8.0 Invocations
 - Level 6.0 Evocations


You had 12 spell levels left.
You knew the following spells:

 Your Spells              Type           Power        Failure   Level
a - Corona                Hex            ######.      1%          1
b - Ensorcelled Hibernat  Hex/Ice        ####..       2%          2
c - Confusing Touch       Hex            ######..     1%          3
d - Tukima's Dance        Hex            ######..     1%          3
e - Dazzling Flash        Conj/Hex       ####..       4%          3

Your spell library contained the following spells:

 Spells                   Type           Power        Failure   Level
 Inner Flame              Hex/Fire       ####....     4%          3
 Foxfire                  Conj/Fire      #...         11%         1
 Passwall                 Tmut/Erth      #.......     17%         2
 Swiftness                Air            #.......     17%         2
 Invisibility             Hex            ######..     28%         6
 Conjure Flame            Conj/Fire      #.......     32%         3
 Gell's Gravitas          Tloc           #.........   32%         3
 Metabolic Englaciation   Hex/Ice        ####......   36%         5
 Summon Mana Viper        Hex/Summ       ####....     36%         5
 Yara's Violent Unravell  Hex/Tmut       ####......   36%         5
 Passage of Golubria      Tloc           N/A          73%         4
 Petrify                  Tmut/Erth      #.......     73%         4
 Sticky Flame             Conj/Fire      #.......     73%         4
 Summon Ice Beast         Ice/Summ       #.......     73%         4
 Fireball                 Conj/Fire      #.........   97%         5
 Lee's Rapid Deconstruct  Erth           #.........   97%         5
 Summon Demon             Summ           #.........   97%         5
 Summon Forest            Summ/Tloc      #.........   97%         5
 Shadow Creatures         Summ           N/A          100%        6
 Orb of Destruction       Conj           #.........   100%        7
 Summon Hydra             Summ           #.........   100%        7


Dungeon Overview and Level Annotations

Branches:
Dungeon (11/15)            Temple (1/1) D:7            Lair (6/6) D:10
 Shoals (0/4) Lair:2        Snake (0/4) Lair:4      Gauntlet (visited)
  Slime: Lair:5-6       Orc: D:9-12

Altars:
Ashenzari
Cheibriados
Dithmenos
Elyvilon
Fedhas
Gozag
Hepliaklqana
Kikubaaqudgha
Makhleb
Nemelex Xobeh
Okawaru
Qazlal
Ru
Sif Muna
Trog
Uskayaw
Vehumet
Wu Jian
Xom
Yredelemnul
Zin
The Shining One
Jiyva
Lugonu

Shops:
D:4 [

Annotations:
D:7 2 transporters
D:9 2 transporters, exclusions: iron imp, orange demon, rust devil and 1 more exclusion
Lair:2 3 runed translucent doors, Ulumiabe's ghost, journeyman OpBe
Lair:4 exclusion: 4 hogs, Rupert


Innate Abilities, Weirdness & Mutations

You are very small and have problems with some larger weapons.
You are too small for most types of armour.
You have supernaturally acute eyesight. (SInv)
You cover ground extremely quickly.


Message History

The manticore flicks its tail.
The volley of spikes misses you.
The merfolk avatar is engulfed in a cloud of scalding steam.
The merfolk avatar chants a haunting song.
You resist with almost no effort.
The merfolk avatar is engulfed in a cloud of scalding steam.
You block the drowned soul's attack.
You see here a fine jade ring.
You see here a scroll of remove curse.
Casting: Confusing Touch (safe; 1% risk of failure)
Confirm with . or Enter, or press ? or * to list all spells.
Your hands begin to glow red.
The drowned soul touches you. The drowned soul drowns you!
* * * LOW HITPOINT WARNING * * *
The drowned soul touches you. The drowned soul drowns you!
* * * LOW HITPOINT WARNING * * *
The merfolk avatar chants a haunting song.
You resist with almost no effort. The drowned soul touches you.
The drowned soul drowns you!
You die...

#.....##≈###########.#######.≈#.P
##...≈##≈.≈ #.≈≈≈≈≈≈≈≈8#8≈≈#≈..≈
##....≈≈≈≈≈≈ #≈≈≈≈≈≈#≈≈≈#≈≈≈≈≈≈≈≈
..#...≈≈≈≈≈≈ #≈≈≈≈≈≈≈≈≈≈#≈≈≈#≈≈≈.
.......#≈≈≈ #≈≈≈≈≈≈≈P≈≈#≈≈≈#≈#..
.....≈.#≈.≈ #≈≈≈(!$?≈≈≈≈≈≈≈#≈##.
##....≈≈≈≈≈ #≈≈≈[≈W!≈≈≈≈≈8P≈≈≈≈.
.#...≈≈≈≈≈ #≈≈≈?mW!≈≈≈≈≈≈≈≈≈≈≈≈
..#..≈##≈# #≈≈@)=H!≈P≈≈≈≈P#≈.#≈
......##≈≈ #≈≈≈≈≈≈≈≈≈≈#≈≈≈#≈##.
.....≈≈≈≈ #≈≈≈≈≈≈≈≈≈≈#≈≈≈#≈≈≈.
.....≈≈≈ ≈ #≈≈≈#≈##≈≈≈#≈≈≈≈≈≈≈.
......##≈# #8≈≈≈≈≈≈≈≈.#8≈≈#≈##≈
.......#≈########....#### ###≈.#.
÷....≈≈≈≈≈≈≈≈ ≈≈≈#≈≈≈ P≈≈≈≈
.....≈≈≈≈≈≈≈ ≈≈≈≈≈≈≈≈≈ ≈≈≈.
..<...##≈≈# ≈# ≈.#.


You could see a merfolk avatar, a manticore and 2 drowned souls.

Vanquished Creatures
  A minotaur (Gauntlet)
  3 hydras
  A centaur warrior (D:11)
  3 two-headed ogres
  A death yak (Lair:6)
  Sonja (Lair:5)
  The ghost of Nebesus the Slasher, a novice HuFi of Trog (D:6)
  A sixfirhy (Gauntlet)
  A sea snake (Lair:6)
  4 oklob plants (Lair:2)
  A manticore (Lair:2)
  2 black mambas
  12 elephants
  Joseph (D:8)
  Psyche (D:10)
  A gargoyle (Gauntlet)
  7 cane toads
  5 rime drakes
  Maggie (D:6)
  2 komodo dragons (Lair:6)
  4 polar bears
  A troll (D:10)
  2 wind drakes (Lair:6)
  3 hornets
  17 blink frogs
  4 dream sheep (Lair:4)
  3 hippogriffs
  4 shadows
  24 yaks
  2 spriggans (Lair:5)
  5 wyverns
  A basilisk (Lair:6)
  Menkaure (D:6)
  3 wargs (D:10)
  2 nagas (Lair:4)
  8 porcupines
  Duvessa (D:6)
  14 water moccasins
  3 orc warriors
  2 sky beasts
  2 black bears
  2 ice beasts
  3 ogres
  2 centaurs
  9 wolves
  15 crocodiles
  17 bullfrogs
  2 scorpions
  Dowan (D:6)
  5 killer bees (D:10)
  8 wights
  10 howler monkeys
  2 electric eels
  3 centaur zombies
  A quasit (D:9)
  9 hounds
  2 jellies
  2 bullfrog zombies
  3 bullfrog skeletons
  7 orc priests
  Crazy Yiuf (D:3)
  2 centaur skeletons
  A gnoll shaman (D:6)
  Natasha (thrice) (D:3)
  4 iguanas
  8 orc wizards
  12 worker ants
  A killer bee zombie (D:10)
  A hound zombie (D:7)
  3 worker ant zombies
  Robin (D:3)
  7 gnolls
  12 adders
  A river rat (D:6)
  A shadow imp (D:9)
  4 white imps
  5 ufetubi
  An ooze (D:2)
  5 adder skeletons
  5 worms
  A dart slug (D:1)
  10 leopard geckos
  35 orcs
  8 bats
  5 giant cockroaches
  16 goblins
  8 hobgoblins
  15 jackals
  2 quokkas
  2 ball pythons
  6 frilled lizards
  6 kobolds
  11 rats
462 creatures vanquished.

Vanquished Creatures (others)
  24 fungi
  114 plants
138 creatures vanquished.

Grand Total: 600 creatures vanquished

Notes
Turn   | Place    | Note
-------+----------+-------------------------------------------
     0 | D:1      | tilp the Spriggan Enchanter began the quest for the Orb.
     0 | D:1      | Reached XP level 1. HP: 9/9 MP: 5/5
   464 | D:1      | Reached skill level 5 in Stealth
   464 | D:1      | Reached XP level 2. HP: 13/13 MP: 6/6
   481 | D:1      | Learned a level 2 spell: Ensorcelled Hibernation
  1386 | D:2      | Reached XP level 3. HP: 13/16 MP: 2/8
  1391 | D:2      | Learned a level 3 spell: Confusing Touch
  1965 | D:2      | Reached skill level 6 in Stealth
  2038 | D:2      | Reached XP level 4. HP: 21/21 MP: 0/9
  2744 | D:3      | Noticed Robin
  3199 | D:3      | Reached skill level 7 in Stealth
  3315 | D:3      | Killed Robin
  3315 | D:3      | Reached XP level 5. HP: 23/24 MP: 4/10
  3596 | D:3      | Noticed Natasha
  3600 | D:3      | Killed Natasha
  3883 | D:3      | Reached skill level 8 in Stealth
  4082 | D:3      | Found a runed translucent door.
  4083 | D:3      | Noticed Crazy Yiuf
  4098 | D:3      | Noticed Natasha
  4114 | D:3      | Killed Natasha
  4114 | D:3      | Reached XP level 6. HP: 28/28 MP: 4/11
  4389 | D:3      | Noticed Natasha
  4393 | D:3      | Killed Natasha
  4393 | D:3      | Reached skill level 5 in Short Blades
  4470 | D:3      | Killed Crazy Yiuf
  5469 | D:4      | Reached skill level 5 in Hexes
  5534 | D:4      | Reached XP level 7. HP: 29/32 MP: 10/14
  5624 | D:4      | Found Titsoo's Armour Shoppe.
  5965 | D:5      | Entered Level 5 of the Dungeon
  6822 | D:6      | Noticed Menkaure
  6842 | D:6      | Killed Menkaure
  7172 | D:6      | Noticed Maggie
  7192 | D:6      | Killed Maggie
  7192 | D:6      | Reached skill level 5 in Dodging
  7192 | D:6      | Reached XP level 8. HP: 33/39 MP: 6/15
  7710 | D:6      | Noticed Duvessa
  7712 | D:6      | Noticed Dowan
  7854 | D:6      | Killed Dowan
  7994 | D:6      | Killed Duvessa
  8301 | D:6      | Reached skill level 1 in Evocations
  8615 | D:6      | Found a runed translucent door.
  8619 | D:6      | Noticed Nebesus's ghost (novice HuFi)
  8797 | D:6      | Reached XP level 9. HP: 44/44 MP: 13/16
  8909 | D:6      | Reached skill level 9 in Stealth
  8929 | D:6      | Found a runed translucent door.
  9076 | D:6      | Found the +27 Lear's hauberk
  9231 | D:7      | Learned a level 3 spell: Tukima's Dance
  9235 | D:7      | Learned a level 3 spell: Dazzling Flash
  9338 | D:7      | Found a transporter.
  9610 | D:7      | Found a staircase to the Ecumenical Temple.
  9638 | Temple   | Entered the Ecumenical Temple
  9720 | Temple   | Became a worshipper of Dithmenos the Shadowed
  9813 | D:7      | Found a broken altar of Ashenzari.
  9875 | D:7      | Found a transporter.
 10134 | D:8      | Noticed a two-headed ogre
 10160 | D:8      | Killed a two-headed ogre
 10160 | D:8      | Reached skill level 11 in Stealth
 10478 | D:8      | Reached * piety under Dithmenos
 10551 | D:8      | Reached skill level 12 in Stealth
 10627 | D:8      | Noticed Joseph
 10630 | D:8      | Killed Joseph
 10630 | D:8      | Reached XP level 10. HP: 49/49 MP: 17/17
 10740 | D:8      | Found an opulent altar of Gozag.
 10905 | D:8      | Reached skill level 1 in Invocations
 11231 | D:9      | Noticed a red ugly thing
 11267 | D:9      | Found a transporter.
 11620 | D:9      | Noticed a rust devil
 11621 | D:9      | Noticed an orange demon
 11672 | D:9      | Found a transporter.
 11673 | D:9      | Found a corrupted altar of Lugonu.
 11673 | D:9      | Noticed a white ugly thing
 11815 | D:9      | Reached ** piety under Dithmenos
 11919 | D:9      | Noticed a brown ugly thing
 12047 | D:6      | Killed Nebesus's ghost
 12047 | D:6      | Reached skill level 5 in Evocations
 12236 | D:10     | Entered Level 10 of the Dungeon
 12237 | D:10     | Reached skill level 5 in Spellcasting
 12291 | D:10     | Noticed a two-headed ogre
 12348 | D:10     | Found a staircase to the Lair.
 12565 | D:10     | Killed a two-headed ogre
 12888 | D:10     | Noticed a two-headed ogre
 12895 | D:10     | Killed a two-headed ogre
 12895 | D:10     | Reached XP level 11. HP: 53/53 MP: 20/20
 13139 | D:10     | Reached skill level 1 in Shields
 13195 | D:10     | Got an opalescent robe
 13260 | D:10     | Reached skill level 13 in Stealth
 13275 | D:10     | Reached *** piety under Dithmenos
 13580 | D:10     | Noticed Psyche
 13584 | D:10     | Killed Psyche
 13611 | D:10     | Identified the +1 robe "Leps" {Str+3 Dex+3 Slay-6} (You
                  | found it on level 10 of the Dungeon)
 14098 | D:11     | Noticed a centaur warrior
 14100 | D:11     | Killed a centaur warrior
 14429 | D:11     | Reached skill level 10 in Dodging
 14792 | D:11     | Noticed a five-headed hydra
 14798 | D:11     | Killed a five-headed hydra
 14929 | Lair:1   | Entered Level 1 of the Lair of Beasts
 15205 | Lair:1   | Noticed an eight-headed hydra
 15214 | Lair:1   | Killed an eight-headed hydra
 15692 | Lair:2   | Found a gate leading to a gauntlet.
 15704 | Gauntlet | Entered a Gauntlet
 15704 | Gauntlet | Found a transporter.
 15704 | Gauntlet | Found a transporter.
 15704 | Gauntlet | Found a runed translucent door.
 15704 | Gauntlet | Noticed a catoblepas
 15785 | Gauntlet | Found a transporter.
 15786 | Gauntlet | Found a transporter.
 15797 | Gauntlet | Found a transporter.
 15807 | Gauntlet | Found a transporter.
 15815 | Gauntlet | Found a transporter.
 15831 | Gauntlet | Found a transporter.
 15854 | Gauntlet | Found a transporter.
 15855 | Gauntlet | Found a transporter.
 15857 | Gauntlet | Noticed a sixfirhy
 15869 | Gauntlet | Found a transporter.
 15870 | Gauntlet | Found a transporter.
 15874 | Gauntlet | Found a runed translucent door.
 15917 | Gauntlet | Reached skill level 5 in Fighting
 16114 | Gauntlet | Killed a sixfirhy
 16243 | Gauntlet | Reached XP level 12. HP: 60/60 MP: 19/22
 16262 | Gauntlet | Got a slimy silver ring
 16263 | Gauntlet | Identified Ziediez's Compendium of Confrontation and the
                  | Entourage
 16320 | Gauntlet | Noticed a minotaur
 16355 | Gauntlet | HP: 3/60 [minotaur/+2 vorpal glaive (4)]
 16664 | Gauntlet | Killed a minotaur
 16664 | Gauntlet | Reached skill level 14 in Stealth
 16897 | Gauntlet | Got a warped whip
 16909 | Lair:2   | Reached skill level 10 in Hexes
 17374 | Lair:2   | Found a runed translucent gate.
 17374 | Lair:2   | Found a runed translucent gate.
 17375 | Lair:2   | Found a runed translucent gate.
 17376 | Lair:2   | Noticed a ten-headed hydra
 17377 | Lair:2   | Noticed Ulumiabe's ghost (journeyman OpBe)
 17378 | Lair:2   | Noticed a 12-headed hydra
 17381 | Lair:2   | Found a staircase to the Shoals.
 17397 | Lair:2   | Reached skill level 10 in Short Blades
 18233 | Lair:2   | Identified the cursed +1 whip of the Messenger {vorpal,
                  | *Corrode +Blink +Fly rElec} (You found it in a Gauntlet)
 18273 | Lair:3   | Reached skill level 15 in Stealth
 19156 | Lair:3   | Identified the ring of Wul Qoem {Str+6 Int+2 Dex+4} (You
                  | found it in a Gauntlet)
 19226 | Lair:4   | Noticed a four-headed hydra
 19232 | Lair:4   | Killed a four-headed hydra
 19500 | Lair:4   | Found a staircase to the Snake Pit.
 19546 | Lair:4   | Noticed Rupert
 19868 | Lair:4   | Reached skill level 15 in Dodging
 19868 | Lair:4   | Reached XP level 13. HP: 65/65 MP: 18/23
 20167 | Lair:5   | Reached **** piety under Dithmenos
 20327 | Lair:5   | Noticed Sonja
 20770 | Lair:5   | Found a shimmering altar of Xom.
 20973 | Lair:5   | Killed Sonja
 20973 | Lair:5   | Reached skill level 16 in Stealth
 21395 | Lair:5   | Identified a scroll of acquirement
 21395 | Lair:5   | Acquired a manual of Invocations
 21421 | Lair:6   | Entered Level 6 of the Lair of Beasts
 21494 | Lair:6   | Reached skill level 5 in Invocations
 22038 | Lair:6   | Found a viscous altar of Jiyva.
 22906 | Lair:6   | Acquired a scarf of invisibility
 23079 | Lair:6   | Drowned by a drowned soul

Illustrated notes

Levels and vault maps discovered:
D:1:      minmay_arrival_solitary_statue, layout_basic, hex_intersection,
          chequers_serial_rivers_room_b
D:2:      layout_basic, minmay_joined_circles
D:3:      layout_basic, uniq_crazy_yiuf_cottage, uniq_natasha, uniq_robin
D:4:      layout_cave_pods, serial_shops, shop_coins
D:5:      layout_basic, kennysheep_dice
D:6:      layout_basic, ebering_ghost_sewer_f, uniq_maggie, uniq_menkaure,
          uniq_duvessa
D:7:      gammafunk_the_bubble [the_bubble_gammafunk_plus_minus], layout_basic,
          ashenzari_altar_1, minmay_temple_entry_statues_pillars,
          serial_corexii_hall, corexii_hall_statues_l,
          chequers_hall_statues_wall_a, grunt_decor_one_mirror, grunt_decor_cap,
          minivault_14
D:8:      layout_gridville, nicolae_gozag_seed_capital, uniq_joseph
D:9:      gammafunk_corrupted_shrine, layout_cave_pools, lemuel_hellish_altar
D:10:     layout_basic, erik_lair_orcish_takeover, uniq_psyche
D:11:     layout_loops_ring, chequers_decorated_corner, grunt_ministairs_11
Temple:   grunt_wide_crystal_templ
Lair:1:   layout_regular_city, chequers_serial_rivers_small_a
Lair:2:   layout_regular_city, minmay_shoals_entry_beasts,
          gauntlet_entry_generic, gammafunk_ghost_hydra_chop, st_stairs_5,
          nicolae_quartered_pool_little, minmay_lair_oklob_chamber
Lair:3:   layout_cave_pods, serial_bayou_crossing
Lair:4:   layout_hall_layers, guppyfry_snake_entry_garden, beast_lair_carwin_8,
          uniq_kirke, uniq_rupert
Lair:5:   wad_woods_stonehenge, layout_small_grid, uniq_sonja
Lair:6:   gammafunk_lair_ancient_temple, layout_misc_corridors, slime_altar_1

Skill      XL: |  1  2  3  4  5  6  7  8  9 10 11 12 13 |
---------------+----------------------------------------+-----
Stealth        | 5 6 7 8 12 13 15 16 | 16.0
Short Blades   | 2 3 4 5 8 9 10 | 10.0
Spellcasting   | 4 5 6 |  6.0
Hexes          | 5 8 9 10 | 10.0
Fighting       | 2 3 4 5 6 9 |  9.2
Dodging        | 5 8 9 10 15 | 15.0
Evocations     | 2 4 6 |  6.0
Invocations    | 3 4 8 |  8.0
Shields        | 3 4 |  4.0

Action                   |  1- 3 |  4- 6 |  7- 9 | 10-12 | 13-15 || total
-------------------------+-------+-------+-------+-------+-------++-------
Melee: Dagger            |   102 |   138 |   315 |   589 |   267 ||  1411
Throw: Dart              |       |       |       |     2 |       ||     2
 Cast: Corona            |     7 |       |       |       |       ||     7
       Ensorcelled Hiber |    24 |    44 |    35 |   107 |    89 ||   299
       Confusing Touch   |       |     4 |    23 |    37 |    24 ||    88
       Dazzling Flash    |       |       |       |     4 |    10 ||    14
Invok: Shadow Step       |       |       |       |     5 |     1 ||     6
Evoke: Wand              |       |       |       |    19 |     1 ||    20
  Use: Scroll            |       |     6 |     5 |    21 |     4 ||    36
       Potion            |       |       |       |     4 |       ||     4
 Stab: Sleeping          |    18 |    38 |    43 |   121 |    50 ||   270
       Distracted        |     1 |       |     1 |     1 |     1 ||     4
       Confused          |       |     2 |    23 |    37 |    22 ||    84
       Invisible         |       |       |       |     5 |    10 ||    15
Armor: Robe              |    15 |    12 |     3 |       |       ||    30
       Steam dragon scal |       |       |    20 |    24 |    15 ||    59
Dodge: Dodged            |    81 |    77 |   172 |   361 |   196 ||   887
Block: Buckler           |       |       |       |    22 |    83 ||   105

Table legend: (Time is in decaauts)
 A = Elapsed time spent in this place.
 B = Non-inter-level travel time spent in this place.
 C = Inter-level travel time spent in this place.
 D = Time resting spent in this place.
 E = Time spent auto-exploring this place.
 F = Levels seen in this place.
 G = Mean time per level.
                   A        B        C        D        E       F      G
               +--------+--------+--------+--------+--------+-----+--------+
         Total |  17671 |  16932 |    739 |   6430 |   7359 |  19 |  930.1 |
       Dungeon |  11299 |  10779 |    520 |   3798 |   5045 |  11 | 1027.2 |
        Temple |     58 |     50 |      8 |      0 |     48 |   1 |   58.0 |
          Lair |   5240 |   5030 |    210 |   1772 |   2258 |   6 |  873.3 |
      Gauntlet |   1072 |   1072 |      0 |    859 |      6 |   1 | 1072.0 |
               +--------+--------+--------+--------+--------+-----+--------+

Top non-repeatable levels by time:
     D:6: 1651 daAuts
     D:2: 1512 daAuts
    D:10: 1360 daAuts
  Lair:5: 1324 daAuts
     D:3: 1153 daAuts
  Lair:2: 1072 daAuts
Gauntlet: 1072 daAuts
     D:4: 1067 daAuts
     D:1: 1001 daAuts
     D:5: 958 daAuts
  Lair:4: 838 daAuts
  Lair:6: 809 daAuts
     D:8: 772 daAuts
  Lair:3: 699 daAuts
    D:11: 651 daAuts
